AoeStats
← Maty

African Clearing

510329768Analyzed
4v4 RM · 1d ago on Sep 30, 2026· 28m 45s· 8 players
Game mode
Random Map
Map size
Large (8 player)
Population
200
Speed
Normal
Resources
Standard
Victory
Conquest
Starting age
Dark Age
Ending age
Imperial Age
RankedLock teamsTeams togetherTeam positionsShared explorationLock speedFull tech treeHidden civsTurbo modeCheats
Victory
Defeat
🇦🇷 Huns · Argentina
1482
+12
🇨🇳 Britons · China
1440
+14
🇪🇨 Malay · Ecuador
1439
+14
🇩🇪 Magyars · Germany
1421
+14
🇨🇳 Muisca · China
1427
-15
🇨🇳 Tupi · China
1396
-14
🇨🇳 Varangians · China
1388
-13
🇨🇳 Magyars · China
1353
-12
Maty
9:38 Loom
12:48 Feudal Age
12:30 Double-Bit Axe
20:08 Town Watch
20:38 Fletching
24:51 Castle Age
23:09 Gold Mining
23:14 Fishing Lines
24:29 Bodkin Arrow
24:40 Crossbowman
26:32 Ballistics
26:15 Padded Archer Armor
27:20 Bow Saw
27:27 Gillnets
28:41 Wheelbarrow
Triari
9:03 Loom
11:34 Feudal Age
17:58 Town Watch
20:51 Castle Age
20:58 Scale Barding Armor
20:46 Gold Mining
20:42 Double-Bit Axe
20:40 Horse Collar
28:20 Chain Barding Armor
28:59 Bloodlines
王德发
14:30 Feudal Age
13:07 Loom
14:34 Man-at-Arms
15:43 Arson
18:22 Fletching
25:50 Castle Age
26:01 Fishing Lines
26:15 Double-Bit Axe
26:04 Crossbowman
26:40 Bodkin Arrow
|MP| layc0ni
9:58 Loom
12:02 Feudal Age
12:41 Double-Bit Axe
15:52 Horse Collar
18:43 Wheelbarrow
21:14 Castle Age
19:59 Forging
20:40 Gold Mining
21:41 Bloodlines
21:38 Scale Barding Armor
22:29 Husbandry
23:37 Bow Saw
28:07 Chain Barding Armor
V我50%匡扶汉室
4:21 Loom
12:22 Feudal Age
SlyFever
9:09 Loom
11:40 Feudal Age
12:42 Double-Bit Axe
15:12 Horse Collar
16:58 Fletching
24:07 Castle Age
22:52 Padded Archer Armor
22:52 Gold Mining
24:45 Bodkin Arrow
24:11 Crossbowman
25:21 Leather Archer Armor
26:06 Ballistics
26:54 Bow Saw
涅槃重生
9:44 Loom
13:16 Feudal Age
17:11 Castle Age
15:54 Double-Bit Axe
15:54 Horse Collar
22:57 Bow Saw
24:56 Wheelbarrow
24:13 Gold Mining
old f1sh
10:38 Loom
11:14 Loom
13:45 Feudal Age
14:43 Double-Bit Axe
17:25 Castle Age
23:54 Fletching
24:31 Padded Archer Armor
Connection lost

Rejoining the realm…

Still unreachable

The connection could not be restored.

Session expired

The server has moved on; the page needs a fresh start.